 Dungeon Crawl Stone Soup version 0.19.1 (webtiles) character file.

14706 Mefis the Thaumaturge (level 11, -11/62 HPs)
             Began as a Deep Elf Wizard on Dec 19, 2016.
             Was a High Priest of Sif Muna.
             Mangled by a white ugly thing (32 damage)
             ... on level 12 of the Dungeon on Dec 22, 2016.
             The game lasted 01:26:56 (19755 turns).

Mefis the Thaumaturge (Deep Elf Wizard)            Turns: 19755, Time: 01:26:56

Health: -11/62     AC:  7    Str:  4    XL:     11   Next: 92%
Magic:  10/28      EV: 16    Int: 27    God:    Sif Muna [*****.]
Gold:   872        SH:  0    Dex: 16    Spells: 12 memorised, 1 level left

rFire  . . .     SeeInvis .     a - +4 quarterstaff (chaos)
rCold  . . .     Gourm    .     U - +2 robe {MR+}
rNeg   . . .     Faith    .     (shield currently unavailable)
rPois  .         Spirit   .     p - +0 helmet
rElec  .         Reflect  .     y - +0 cloak
rCorr  .         Harm     .     (no gloves)
MR     +++..                    W - +0 pair of boots
Stlth  ++++......               (no amulet)
                                I - ring of protection from magic
                                s - +3 ring of dexterity

@: repel missiles
A: no striking features
a: Divine Energy, Channel Magic, Forget Spell, Renounce Religion


You were on level 12 of the Dungeon.
You worshipped Sif Muna.
Sif Muna was extremely pleased with you.
You were not hungry.

You visited 3 branches of the dungeon, and saw 14 of its levels.
You also visited: Sewer and Ossuary.

You collected 872 gold pieces.

Inventory:

Hand Weapons
 a - a +4 quarterstaff of chaos (weapon)
 b - a +2 hunting sling of freezing
 o - a +2 hand axe of holy wrath
Missiles
 n - 245 stones (quivered)
 r - 4 arrows
Armour
 i - a +0 buckler
 p - a +0 helmet (worn)
 y - a +0 cloak (worn)
 U - a +2 robe of magic resistance (worn)
 W - a +0 pair of boots (worn)
 X - a +2 robe of cold resistance
Magical Staves
 z - an uncursed staff of energy
Jewellery
 h - an uncursed ring of flight
 s - a +3 ring of dexterity (left hand)
 I - a ring of protection from magic (right hand)
 Y - an uncursed ring of positive energy
Wands
 f - a wand of iceblast (0/15)
 k - a wand of iceblast (0/15)
 x - a wand of acid (0/15)
 H - a wand of digging (12/24)
 L - a wand of lightning (0/15)
 R - a wand of polymorph (1/24)
Scrolls
 j - 5 scrolls of random uselessness
 q - 2 scrolls of fog
 w - a scroll of immolation
 C - 6 scrolls of teleportation
 D - 4 scrolls of remove curse
Potions
 d - 5 potions of brilliance
 l - a potion of curing {unknown}
Books
 c - a book of Minor Magic

   Spells                             Type                      Level
   a - Magic Dart                     Conjuration                  1
   b - Blink                          Translocation                2
   c - Call Imp                       Summoning                    2
   d - Repel Missiles                 Charms/Air                   2
   e - Slow                           Hexes                        2
   f - Conjure Flame                  Conjuration/Fire             3
   g - Mephitic Cloud                 Conjuration/Poison/Air       3
 e - a book of Clouds

   Spells                             Type                      Level
   a - Mephitic Cloud                 Conjuration/Poison/Air       3
   b - Conjure Flame                  Conjuration/Fire             3
   c - Poisonous Cloud                Conjuration/Poison/Air       6
   d - Freezing Cloud                 Conjuration/Ice/Air          6
   e - Ring of Flames                 Charms/Fire                  7
 t - a book of Misfortune

   Spells                             Type                      Level
   a - Confusing Touch                Hexes                        1
   b - Confuse                        Hexes                        3
   c - Gell's Gravitas                Hexes/Translocation          3
   d - Petrify                        Transmutation/Earth          4
   e - Metabolic Englaciation         Hexes/Ice                    5
   f - Yara's Violent Unravelling     Hexes/Transmutation          5
 T - a book of Maledictions

   Spells                             Type                      Level
   a - Corona                         Hexes                        1
   b - Ensorcelled Hibernation        Hexes/Ice                    2
   c - Confuse                        Hexes                        3
   d - Tukima's Dance                 Hexes                        3
   e - Dazzling Spray                 Conjuration/Hexes            3
Comestibles
 g - 9 meat rations
 m - 22 fruits
 Q - 10 slices of pizza


   Skills:
 + Level 4.5 Fighting
 - Level 5.9 Dodging
 - Level 6.8 Stealth
 + Level 2.1 Shields
 + Level 11.7 Spellcasting
 + Level 6.8 Conjurations
 + Level 5.6 Hexes
 - Level 3.7 Charms
 - Level 4.3 Summonings
 - Level 3.4 Translocations
 - Level 3.7 Transmutations
 * Level 5.5 Ice Magic
 + Level 6.0 Air Magic
 - Level 3.5 Earth Magic
 - Level 6.0 Poison Magic
 - Level 2.0 Invocations
 - Level 1.9 Evocations


You had one spell level left.
You knew the following spells:

 Your Spells              Type           Power        Failure   Level  Hunger
a - Magic Dart            Conj           ####         1%          1    None
b - Call Imp              Summ           #####...     1%          2    None
c - Blink                 Tloc           N/A          1%          2    None
d - Repel Missiles        Chrm/Air       #####.       1%          2    None
e - Mephitic Cloud        Conj/Pois/Air  ######..     1%          3    None
f - Conjure Flame         Conj/Fire      ####....     2%          3    None
g - Slow                  Hex            #####...     1%          2    None
h - Confuse               Hex            #####...     1%          3    None
j - Ensorcelled Hibernat  Hex/Ice        #####.       1%          2    None
k - Petrify               Tmut/Erth      #####...     10%         4    None
q - Metabolic Englaciati  Hex/Ice        #####.....   12%         5    ###....
s - Dazzling Spray        Conj/Hex       #####.       1%          3    None


Dungeon Overview and Level Annotations

Branches:
Dungeon (12/15)            Temple (1/1) D:4            Lair (1/6) D:10
    Orc (0/2) D:11

Altars:
Ashenzari
Cheibriados
Dithmenos
Elyvilon
Fedhas
Gozag
Hepliaklqana
Kikubaaqudgha
Makhleb
Nemelex Xobeh
Okawaru
Qazlal
Ru
Sif Muna
Trog
Uskayaw
Vehumet
Xom
Yredelemnul
Zin
The Shining One
Beogh

Portals:
Trove: D:10 (give +3 storm dragon scales)

Annotations:
D:8 exclusion: 2 doors
Lair:1 markt42's ghost, journeyman GrFi


Message History

Casting: Magic Dart
Confirm with . or Enter, or press ? or * to list all spells.
Aiming: Conjure Flame
Press: ? - help, Dir - move target cursor, p - white ugly thing The fire roars!
Your +2 hunting sling of freezing stops glowing.
Your +4 quarterstaff of chaos is briefly surrounded by a scintillating aura of random colours.
a - a +4 quarterstaff of chaos (weapon)
The white ugly thing is engulfed in roaring flames.
The white ugly thing completely misses you.
You barely miss the white ugly thing.
The white ugly thing is heavily wounded.
The white ugly thing is engulfed in roaring flames.
The white ugly thing trunk-slaps you. The white ugly thing freezes you!
You closely miss the white ugly thing.
The white ugly thing is severely wounded.
The white ugly thing is engulfed in roaring flames.
The white ugly thing trunk-slaps you! The white ugly thing freezes you!!
Ouch! That really hurt!
You die...

### ...#######
.....(<...
....(....
....(....
....u.(y#######
......((#.....#
#####u#.....#
#....@......#
#...........#
#...........#
#...........#
#....(.....<#
#..........(#
#############


You could see a white ugly thing and a killer bee.

Vanquished Creatures
  The ghost of Philosophy the Fighter, a journeyman CeHu of Okawaru (D:11)
  Pikel (D:7)
  An ugly thing (D:11)
  A cyclops (D:12)
  Psyche (D:11)
  A troll (D:11)
  2 dream sheep (D:8)
  Sigmund (D:6)
  18 yaks
  A wyvern (D:11)
  2 hungry ghosts
  A warg (D:11)
  10 orc warriors
  A water moccasin (D:9)
  8 ogres
  2 ice beasts
  3 sky beasts
  4 necrophages
  2 phantoms
  A slave (D:7)
  4 centaurs
  2 big kobolds (D:8)
  5 bullfrogs
  An elf zombie (D:7)
  4 water moccasin zombies
  An elf skeleton (D:7)
  A wyvern skeleton (D:9)
  2 scorpions
  A troll zombie (D:7)
  10 killer bees
  18 wights
  A howler monkey (D:4)
  A troll skeleton (D:7)
  3 crimson imps
  A centaur zombie (D:5)
  A bullfrog zombie (D:8)
  2 human zombies (D:7)
  5 hounds
  A quasit (D:10)
  10 orc priests
  5 bullfrog skeletons
  4 centaur skeletons
  A jelly (D:9)
  Crazy Yiuf (D:2)
  2 human skeletons (D:7)
  3 iguanas
  13 orc wizards
  9 worker ants
  A killer bee zombie (D:9)
  4 big kobold zombies (Ossuary)
  An ogre zombie (D:7)
  A hound zombie (D:11)
  A hound skeleton (D:5)
  2 mummies (Ossuary)
  A howler monkey zombie (D:10)
  2 worker ant zombies
  8 gnolls
  12 adders
  2 shadow imps
  7 adder zombies (Ossuary)
  3 oozes
  A worm (D:6)
  A dart slug (D:3)
  5 leopard geckos
  67 orcs
  8 bats
  5 giant cockroaches
  3 gnoll zombies (Ossuary)
  10 goblins
  12 hobgoblins
  10 jackals
  10 kobolds
  5 quokkas
  A ball python (D:1)
  4 frilled lizards
  4 hobgoblin zombies (Ossuary)
  A jackal skeleton (D:5)
  3 kobold zombies (Ossuary)
  A quokka skeleton (D:6)
  A quokka zombie (D:5)
  4 rats
  A fungus (D:2)
376 creatures vanquished.

Vanquished Creatures (collateral kills)
  A hill giant (D:11)
  The ghost of Philosophy the Shield-Bearer, a novice FoFi of Okawaru (D:5)
  An ugly thing (D:11)
  A water moccasin (D:8)
  A sky beast (D:11)
  Purgy (Sewer)
  An orc priest (D:5)
  Robin (D:2)
  A gnoll (D:1)
  6 goblins (D:2)
  2 hobgoblins
17 creatures vanquished.

Vanquished Creatures (others)
  2 slaves (D:7)
  A crocodile (D:7)
  A wight (D:7)
  A howler monkey (D:7)
  A leopard gecko (D:7)
  An orc (D:5)
  3 plants (D:8)
10 creatures vanquished.

Grand Total: 403 creatures vanquished

Notes
Turn   | Place    | Note
-------+----------+-------------------------------------------
     0 | D:1      | Mefis the Deep Elf Wizard began the quest for the Orb.
     0 | D:1      | Reached XP level 1. HP: 10/10 MP: 7/7
   206 | D:1      | Reached XP level 2. HP: 15/15 MP: 5/9
   210 | D:1      | Learned a level 2 spell: Call Imp
   213 | D:1      | Learned a level 2 spell: Blink
   216 | D:1      | Learned a level 2 spell: Repel Missiles
   675 | D:1      | Reached skill level 5 in Spellcasting
   675 | D:1      | Reached XP level 3. HP: 19/19 MP: 4/11
   680 | D:1      | Learned a level 3 spell: Mephitic Cloud
  1130 | D:2      | Noticed Robin
  1541 | D:2      | Killed Robin
  1702 | D:2      | Reached skill level 1 in Air Magic
  1791 | D:2      | Reached XP level 4. HP: 24/24 MP: 8/13
  1796 | D:2      | Learned a level 3 spell: Conjure Flame
  1922 | D:2      | Reached skill level 1 in Poison Magic
  2517 | D:2      | Found a runed door.
  2521 | D:2      | Noticed Crazy Yiuf
  2529 | D:2      | Killed Crazy Yiuf
  2529 | D:2      | Reached XP level 5. HP: 28/28 MP: 1/15
  2669 | D:3      | Noticed an orc warrior
  2761 | D:3      | Found a glowing drain.
  2768 | Sewer    | Entered a sewer
  2876 | Sewer    | Noticed Purgy
  2890 | Sewer    | Killed Purgy
  3210 | D:3      | Killed an orc warrior
  3210 | D:3      | Reached skill level 6 in Spellcasting
  3210 | D:3      | Reached XP level 6. HP: 32/32 MP: 6/17
  4042 | D:4      | Reached XP level 7. HP: 37/37 MP: 8/18
  4500 | D:4      | Found a staircase to the Ecumenical Temple.
  4592 | Temple   | Entered the Ecumenical Temple
  4631 | Temple   | Became a worshipper of Sif Muna the Loreminder
  4786 | D:4      | Reached skill level 1 in Fighting
  5177 | D:5      | Entered Level 5 of the Dungeon
  5286 | D:5      | Reached skill level 7 in Spellcasting
  5427 | D:5      | Found a sand-covered staircase.
  5434 | Ossuary  | Entered an ossuary
  5451 | Ossuary  | Reached skill level 5 in Stealth
  5725 | Ossuary  | Reached XP level 8. HP: 40/43 MP: 14/21
  5912 | Ossuary  | Reached * piety under Sif Muna
  6038 | D:5      | Noticed Philosophy's ghost (novice FoFi)
  6156 | D:5      | Killed Philosophy's ghost
  6156 | D:5      | Reached skill level 8 in Spellcasting
  6394 | D:5      | Reached skill level 5 in Dodging
  7113 | D:6      | Found a shattered altar of Ashenzari.
  7113 | D:6      | Found a sacrificial altar of Ru.
  7113 | D:6      | Found a white marble altar of Elyvilon.
  7350 | D:6      | Learned a level 2 spell: Slow
  7354 | D:6      | Learned a level 3 spell: Confuse
  7360 | D:6      | Learned a level 5 spell: Metabolic Englaciation
  7367 | D:6      | Found a bloodstained altar of Trog.
  7413 | D:6      | Noticed Sigmund
  7420 | D:6      | Killed Sigmund
  7420 | D:6      | Reached skill level 9 in Spellcasting
  7420 | D:6      | Reached XP level 9. HP: 37/49 MP: 8/24
  7460 | D:6      | Reached ** piety under Sif Muna
  7710 | D:6      | Reached skill level 1 in Hexes
  7710 | D:6      | Reached skill level 1 in Evocations
  7906 | D:6      | Found a shimmering altar of Xom.
  7933 | D:6      | Reached skill level 1 in Invocations
  8284 | D:6      | Reached skill level 1 in Charms
  8766 | D:6      | Reached skill level 1 in Ice Magic
  8847 | D:7      | Found a sparkling altar of Nemelex Xobeh.
  8884 | D:7      | Noticed Pikel
  8949 | D:7      | Killed Pikel
  8949 | D:7      | Reached skill level 5 in Conjurations
  9237 | D:7      | Reached *** piety under Sif Muna
  9744 | D:7      | Reached XP level 10. HP: 46/56 MP: 14/25
  9752 | D:7      | Learned a level 4 spell: Petrify
 10046 | D:7      | Found a basalt altar of Yredelemnul.
 10058 | D:7      | Reached skill level 5 in Poison Magic
 10416 | D:8      | Reached skill level 10 in Spellcasting
 10416 | D:8      | Reached skill level 5 in Air Magic
 10462 | D:8      | Found a basalt altar of Yredelemnul.
 10747 | D:8      | Reached skill level 1 in Transmutations
 10747 | D:8      | Reached skill level 1 in Earth Magic
 10828 | D:8      | Noticed a three-headed hydra
 10889 | D:8      | Reached **** piety under Sif Muna
 13635 | D:10     | Entered Level 10 of the Dungeon
 13757 | D:10     | Reached XP level 11. HP: 60/60 MP: 19/27
 13782 | D:10     | Learned a level 3 spell: Dazzling Spray
 13894 | D:10     | Found a staircase to the Lair.
 14216 | D:10     | Found a portal to a secret trove of treasure.
 14404 | D:10     | Found a roughly hewn altar of Beogh.
 14779 | Lair:1   | Entered Level 1 of the Lair of Beasts
 14834 | Lair:1   | Noticed markt42's ghost (journeyman GrFi)
 15218 | D:7      | Reached skill level 11 in Spellcasting
 15736 | D:10     | Learned a level 2 spell: Ensorcelled Hibernation
 15806 | D:11     | Noticed a hill giant
 15833 | D:11     | Killed a hill giant
 16285 | D:11     | Found a staircase to the Orcish Mines.
 16288 | D:11     | Noticed Philosophy's ghost (journeyman CeHu)
 16328 | D:11     | Reached skill level 1 in Shields
 16620 | D:11     | Noticed Psyche
 16629 | D:11     | Killed Psyche
 16655 | D:11     | Reached ***** piety under Sif Muna
 16804 | D:11     | Received a gift from Sif Muna
 17721 | D:11     | Reached skill level 5 in Hexes
 18212 | D:11     | Noticed a purple ugly thing
 18312 | D:11     | Killed a purple ugly thing
 18312 | D:11     | Reached skill level 5 in Ice Magic
 18498 | D:11     | Noticed a brown ugly thing
 18577 | D:11     | Killed Philosophy's ghost
 18914 | D:11     | Killed a brown ugly thing
 19718 | D:12     | Noticed a white ugly thing
 19755 | D:12     | Mangled by a white ugly thing

Skill      XL: |  1  2  3  4  5  6  7  8  9 10 11 |
---------------+----------------------------------+-----
Spellcasting   | 5 6 7 9 10 11 | 11.7
Conjurations   | 2 3 4 5 6 |  6.8
Air Magic      | 1 2 3 4 5 6 |  6.0
Dodging        | 3 4 5 |  5.9
Poison Magic   | 1 2 3 4 6 |  6.0
Stealth        | 3 4 5 6 |  6.8
Fighting       | 1 2 3 4 |  4.5
Hexes          | 2 3 5 |  5.6
Evocations     | 1 |  1.9
Invocations    | 2 |  2.0
Summonings     | 3 4 |  4.3
Charms         | 2 3 |  3.7
Ice Magic      | 1 2 5 |  5.5
Translocations | 2 3 |  3.4
Transmutations | 1 3 |  3.7
Earth Magic    | 2 3 |  3.5
Shields        | 2 |  2.1

Action                   |  1- 3 |  4- 6 |  7- 9 | 10-12 || total
-------------------------+-------+-------+-------+-------++-------
Melee: Dagger            |     7 |    13 |   113 |       ||   133
       Quarterstaff      |       |       |       |   188 ||   188
       Hand axe          |       |       |       |    21 ||    21
       Staff             |       |       |       |     1 ||     1
 Fire: Hunting sling     |     4 |    43 |    69 |   213 ||   329
 Cast: Magic Dart        |    61 |    96 |   344 |   528 ||  1029
       Call Imp          |     7 |     9 |    19 |    15 ||    50
       Mephitic Cloud    |     2 |     9 |    24 |    45 ||    80
       Blink             |     1 |       |     2 |    28 ||    31
       Conjure Flame     |       |     4 |    20 |    54 ||    78
       Repel Missiles    |       |     1 |       |     1 ||     2
       Dazzling Spray    |       |       |       |    54 ||    54
       Petrify           |       |       |       |     9 ||     9
       Ensorcelled Hiber |       |       |       |     3 ||     3
Evoke: Wand              |       |       |       |    13 ||    13
  Use: Scroll            |       |     3 |     3 |     5 ||    11
       Potion            |       |       |       |     1 ||     1
 Stab: Sleeping          |       |     2 |     1 |     1 ||     4
       Confused          |       |       |     5 |     4 ||     9
       Distracted        |       |       |     2 |     1 ||     3
       Petrifying        |       |       |       |     2 ||     2
       Petrified         |       |       |       |     8 ||     8
       Invisible         |       |       |       |     5 ||     5
  Eat: Bread ration      |     1 |       |     2 |     3 ||     6
       Chunk             |       |     5 |     9 |    16 ||    30
       Meat ration       |       |       |       |     1 ||     1
Armor: Robe              |     2 |     6 |    27 |    81 ||   116
Dodge: Dodged            |    18 |    25 |   142 |   329 ||   514
       Deflected         |       |     2 |     8 |     6 ||    16
